 Dungeon Crawl Stone Soup version 0.27-a0-1099-g7f87ac42b0 (webtiles) character file.

Game seed: 11063693451887309173

555 Gaff the Magician (level 7, 0/45 HPs)
             Began as a Djinni Earth Elementalist on Apr 28, 2021.
             Was a Priest of Dithmenos.
             Slain by a wraith (8 damage)
             ... in an ossuary.
             The game lasted 00:20:47 (6134 turns).

Gaff the Magician (Djinni Earth Elementalist)       Turns: 6134, Time: 00:20:49

Health: 0/45       AC:  4    Str:  7    XL:     7   Next: 30%
Gold:   152        EV: 12    Int: 18    God:    Dithmenos [***...] SH:  0 Dex: 14

rFire    + + .     SeeInvis .   u - +3 dagger (venom)
rCold    . . .     Faith    .   (no shield)
rNeg     . . .     Spirit   .   c - +0 robe
rPois    ∞         Reflect  .   r - +0 helmet
rElec    .         Harm     .   x - +0 cloak
rCorr    .         Rampage  .   (no gloves)
Will     .....                  (boots unavailable)
Stlth    +++.......             (no amulet)
HPRegen  0.15/turn              f - ring of protection from cold
MPRegen  0.00/turn              (no ring)

@: flying, slowed, wreathed by umbra, very slow
A: fire resistance 2, cold vulnerability 1, float, innate caster, hp casting,
extra vitality 1
a: Renounce Religion, Shadow Step


You were in an ossuary.
You worshipped Dithmenos.
Dithmenos was most pleased with you.
You visited 1 branch of the dungeon, and saw 4 of its levels.
You also visited: Ossuary.

You collected 152 gold pieces.

Inventory:

Hand Weapons
 a - a +0 dagger
 i - a +0 spear
 u - a +3 dagger of venom (weapon)
 v - a +2 quarterstaff of chaos
 w - a +1 mace of protection
Missiles
 b - 90 stones
 t - 5 poisoned darts
Armour
 c - a +0 robe (worn)
 m - a +0 kite shield
 r - a +0 helmet (worn)
 x - a +0 cloak (worn)
Jewellery
 f - a ring of protection from cold (left hand)
 g - a ring of ice
 n - a ring of magical power
 y - an amulet of faith
Scrolls
 l - 3 scrolls of identify {unknown}
 o - a scroll of blinking {unknown}
 p - a scroll of teleportation
 s - 2 scrolls of immolation {unknown}
Potions
 d - a potion of attraction {unknown}
 e - 6 potions of curing {unknown}
 h - 2 potions of ambrosia {unknown}
 j - 4 potions of might {unknown}
 k - a potion of heal wounds {unknown}
 q - a potion of berserk rage {unknown}
 z - a potion of degeneration {unknown}
 A - 2 potions of magic {unknown}
 B - 2 potions of lignification {unknown}


   Skills:
 - Level 2.2 Dodging
 + Level 4.0 Stealth
 * Level 5.9 Spellcasting


You couldn't memorise any spells.
You knew the following spells:

 Your Spells              Type           Power      Damage    Failure   Level
a - Sandblast             Erth           52%        2d12      1%          1
b - Passwall              Tmut/Erth      21%        N/A       1%          2
c - Stone Arrow           Conj/Erth      52%        3d10      3%          3
d - Petrify               Tmut/Erth      26%        N/A       11%         4
e - Lee's Rapid Deconstr  Erth           13%        3d10*     30%         5
f - Foxfire               Conj/Fire      100%       2x1d9     1%          1
g - Blink                 Tloc           N/A        N/A       1%          2
h - Ignite Poison         Fire/Tmut/Pois 26%        N/A       3%          3
Your spell library was empty.

Dungeon Overview and Level Annotations

Branches:
Dungeon (4/15)             Temple (0/1) D:4         Ossuary (1/1)

Altars:
Dithmenos
Fedhas
Kikubaaqudgha
Yredelemnul

Shops:
D:1 =   D:2 (


Innate Abilities, Weirdness & Mutations

You are immune to poison.
Your flesh is very heat resistant. (rF++)
You are vulnerable to cold. (rC-)
You float through the air rather than walking.
You learn spells naturally, not from books.
Your magical power is your life essence.
You have superior vitality. (+4 HP)


Message History

The foxfire hits the wraith.
The wraith is severely damaged.
Casting: Foxfire (safe; 1% risk of failure)
Press: ? - help, Q - select action, (/) - cycle Dir - look around, f - activate You conjure some foxfire!
The wraith closely misses you.
Your foxfire dissipates!
The foxfire hits the wraith.
The wraith is almost destroyed.
Casting: Foxfire (safe; 1% risk of failure)
Press: ? - help, Q - select action, (/) - cycle Dir - look around, f - activate You conjure some foxfire!
The wraith hits you!
* * * LOW HITPOINT WARNING * * *
The wraith drains your vigour!
You feel yourself slow down.
Your foxfire dissipates!
The foxfire hits the wraith.
The wraith is almost destroyed.
Casting: Foxfire (safe; 1% risk of failure)
Press: ? - help, Q - select action, (/) - cycle Dir - look around, f - activate You conjure some foxfire!
* * * LOW HITPOINT WARNING * * *
The wraith hits you!
* * * LOW HITPOINT WARNING * * *
The wraith closely misses you.
Casting: Foxfire (safe; 1% risk of failure)
Confirm with . or Enter, or press ? or * to list all spells.
Aiming: Sandblast (safe; 1% risk of failure)
Press: ? - help, Shift-Dir - straight line, f - wraith
Aim: a wraith (almost destroyed, ally target, umbra, 81% to hit)
The blast of sand hits the wraith but does no damage.
The wraith is almost destroyed.
b - 90 stones
* * * LOW HITPOINT WARNING * * *
The foxfire hits the wraith.
The wraith is almost destroyed.
The foxfire hits the wraith but does no damage.
The wraith is almost destroyed.
The wraith hits you!
You die...

#........^.....^............
#............^.........^....
#..###..###..###..###..###..
#..#.#..#.#..#.#..#.#..#.#..
#..#'#..#'#..#'#..#'#..#'#..
#..#.#..#.#..#.#..#.#..#.#..
#.....^.......^.......^.....
#..........§§...............
#..####....@.###......####..
#..#.'...8.W.#.#...8...'.#..
#..####......#'#......####..
#............#.#............
#...........................
#..####.####.....####.####..
#..#.'..#.'...8...'.#..'.#..
#..####.####.....####.####..
#...........................


You could see a wraith.

Vanquished Creatures
  Sigmund (D:3)
  An ogre (D:4)
  A bullfrog (D:2)
  A human zombie (Ossuary)
  Crazy Yiuf (D:3)
  4 mummies
  Robin (D:3)
  3 adders
  3 worms
  A dart slug (D:2)
  3 orcs (D:3)
  4 endoplasms
  6 giant cockroaches
  10 goblins
  10 hobgoblins
  13 jackals
  A quokka (D:1)
  4 ball pythons
  5 bats (D:1)
  2 frilled lizards
  5 goblin zombies (Ossuary)
  2 hobgoblin zombies (Ossuary)
  4 kobolds
  5 kobold zombies (Ossuary)
  4 rats
95 creatures vanquished.

Vanquished Creatures (others)
  An orc (D:3)
  A goblin (D:3)
  A quokka (D:3)
  A jackal skeleton (D:3)
  2 rats (D:3)
  214 foxfires
220 creatures vanquished.

Grand Total: 315 creatures vanquished

Notes
Turn   | Place    | Note
-------+----------+-------------------------------------------
     0 | D:1      | Gaff the Djinni Earth Elementalist began the quest for the
                  | Orb.
     0 | D:1      | Reached XP level 1. HP: 15/15 MP: 0/0
   252 | D:1      | Reached skill level 3 in Spellcasting
   335 | D:1      | Found a faded altar of an unknown god.
   348 | D:1      | Reached XP level 2. HP: 14/21 MP: 0/0
   350 | D:1      | Became a worshipper of Dithmenos the Shadowed
   350 | D:1      | Reached * piety under Dithmenos
   660 | D:1      | Found Duluraso's Jewellery Shoppe.
  1536 | D:1      | Reached XP level 3. HP: 19/25 MP: 0/0
  1536 | D:1      | Learned a level 1 spell: Foxfire
  1892 | D:2      | Found Jetasuil's Antique Weapon Shoppe.
  2244 | D:2      | Noticed a bullfrog
  2697 | D:2      | Reached XP level 4. HP: 22/31 MP: 0/0
  2902 | D:2      | You are sucked into a shaft and drop 1 floor!
  3171 | D:2      | Killed a bullfrog
  3172 | D:2      | Reached skill level 4 in Spellcasting
  3172 | D:2      | Reached XP level 5. HP: 28/35 MP: 0/0
  3172 | D:2      | Learned a level 2 spell: Blink
  3374 | D:2      | Reached ** piety under Dithmenos
  3964 | D:3      | Noticed Sigmund
  3984 | D:3      | Killed Sigmund
  3985 | D:3      | Reached skill level 5 in Spellcasting
  3985 | D:3      | Reached XP level 6. HP: 31/40 MP: 0/0
  4077 | D:3      | Found a runed translucent door.
  4077 | D:3      | Noticed a human
  4260 | D:3      | Found a basalt altar of Yredelemnul.
  4264 | D:3      | Noticed Robin
  4269 | D:3      | Killed Robin
  4723 | D:3      | Found a blossoming altar of Fedhas.
  4810 | D:3      | Found a runed translucent door.
  4811 | D:3      | Noticed Crazy Yiuf
  5084 | D:3      | Killed Crazy Yiuf
  5225 | D:4      | Reached XP level 7. HP: 30/45 MP: 0/0
  5225 | D:4      | Learned a level 3 spell: Ignite Poison
  5267 | D:4      | Found a sand-covered staircase.
  5322 | Ossuary  | Entered an ossuary
  5322 | Ossuary  | Noticed a wraith
  5322 | Ossuary  | Noticed a wraith
  5322 | Ossuary  | Noticed a wraith
  5752 | Ossuary  | Reached *** piety under Dithmenos
  6047 | Ossuary  | Noticed a wraith
  6134 | Ossuary  | Slain by a wraith

Illustrated notes

Levels and vault maps discovered:
D:1:      tarquinn_simple_flora_water_a, layout_loops_cross,
          ebering_ecumenical_altar_rust, serial_shops, shop
D:2:      layout_loops_ring, serial_shops, shop, kennysheep_generic_room_6
D:3:      layout_basic, grunt_temple_overflow_growth_and_decay,
          dk_yredelemnul_ordeal, roderic_filled_cross, uniq_crazy_yiuf_cottage,
          uniq_robin, uniq_sigmund
D:4:      layout_gridville, temple_green, gup_ossuary_entry_pyramid,
          grunt_ministairs_7
Ossuary:  ossuary_kennysheep_city_of_the_dead

Skill      XL: |  1  2  3  4  5  6  7 |
---------------+----------------------+-----
Spellcasting   | 3 4 5 |  5.9
Stealth        | 2 3 4 |  4.0
Dodging        | |  2.2

Action                   |  1- 3 |  4- 6 |  7- 9 || total
-------------------------+-------+-------+-------++-------
Melee: Dagger            |   121 |    31 |    12 ||   164
 Cast: Sandblast         |    29 |     2 |     1 ||    32
       Foxfire           |    23 |    74 |    52 ||   149
       Passwall          |       |     2 |       ||     2
  Use: Scroll            |       |       |     3 ||     3
 Stab: Sleeping          |     2 |     4 |       ||     6
Armor: Robe              |    43 |     3 |     2 ||    48
Dodge: Dodged            |   135 |    30 |     8 ||   173

Table legend: (Time is in decaauts)
 A = Elapsed time spent in this place.
 B = Non-inter-level travel time spent in this place.
 C = Inter-level travel time spent in this place.
 D = Time resting spent in this place.
 E = Time spent auto-exploring this place.
 F = Levels seen in this place.
 G = Mean time per level.
                   A        B        C        D        E       F      G
               +--------+--------+--------+--------+--------+-----+--------+
         Total |   6140 |   5870 |    270 |   2526 |   1845 |   5 | 1228.0 |
       Dungeon |   5327 |   5057 |    270 |   2308 |   1615 |   4 | 1331.8 |
       Ossuary |    812 |    812 |      0 |    218 |    230 |   1 |  812.0 |
               +--------+--------+--------+--------+--------+-----+--------+

Top non-repeatable levels by time:
     D:1: 2083 daAuts
     D:2: 1914 daAuts
     D:3: 1224 daAuts
 Ossuary: 812 daAuts
     D:4: 104 daAuts
